 Dungeon Sprint DCSS version 0.19-a0-1051-gdb7e7f8 (webtiles) character file.

48029 Musica the Hoplite (level 14, -10/146 HPs)
             Began as a Minotaur Fighter on Aug 2, 2016.
             Was the Champion of Makhleb.
             Killed from afar by a crystal guardian (22 damage)
             ... with a crystal bolt
             ... in the Dungeon (Sprint V: "Ziggurat Sprint").
             The game lasted 00:34:31 (1992 turns).

Musica the Hoplite (Minotaur Fighter)               Turns: 1992, Time: 00:34:31

Health: -10/146    AC: 41    Str: 30    XL:     14   Next: 10%
Magic:  22/22      EV: 10    Int:  5    God:    Makhleb [******]
Gold:   0          SH: 26    Dex: 29    Spells: 0 memorised, 13 levels left

rFire  x . .     SeeInvis .     A - +9 sword of Zonguldrok {reap}
rCold  . . .     Gourm    .     y - +15 Maxwell's patent armour {-Cast -Tele rElec MR+ rCorr}
rNeg   . . .     Faith    .     M - +3 shield
rPois  +         Spirit   .     (helmet unavailable)
rElec  +         Dismiss  .     q - +2 cloak {+Inv}
rCorr  +         Reflect  +     F - +1 pair of gloves "Tel Xail" {rElec Dex+6}
SustAt .         Harm     .     E - +0 pair of boots {run}
MR     +++..     NoTele   +     N - +3 amulet of reflection
Stlth  .......... NoCast   +    a - ring "Kiurphak" {Ice +Inv rElec rPois Stlth-}
                                H - ring of Dim Light {rElec rC- MR+ Str+3 Dex+9}

@: mighty, studying 2 skills, quick, extremely resistant to hostile
enchantments, extremely unstealthy
A: retaliatory headbutt, fangs 1, horns 3, repulsion field 1, camouflage 1,
evolution 1, subdued magic 1
a: Minor Destruction, Lesser Servant of Makhleb, Major Destruction, Greater
Servant of Makhleb, Renounce Religion, Evoke Invisibility


You were in the Dungeon.
You worshipped Makhleb.
Makhleb was exalted by your worship.
You were full.

You visited 1 branch

Inventory:

Hand Weapons
 b - a +5 demon blade of freezing
 A - the +9 sword of Zonguldrok (weapon) {reap}
   (You found it in the Dungeon)

   If a monster killed with it leaves a corpse in good enough shape, the corpse
   will be animated as a zombie friendly to the killer.
Armour
 q - a +2 cloak of invisibility (worn)
 y - the +15 Maxwell's patent armour (worn) {-Cast -Tele rElec MR+ rCorr}
   (You found it in the Dungeon)

   It insulates you from electricity.
   It affects your resistance to hostile enchantments.
   It prevents spellcasting.
   It prevents most forms of teleportation.
   It protects you from acid and corrosion.
 E - a +0 pair of boots of running (worn)
 F - the +1 pair of gloves "Tel Xail" (worn) {rElec Dex+6}
   (You found it in the Dungeon)

   It affects your dexterity (+6).
   It insulates you from electricity.
 M - a +3 shield (worn)
Rods
 l - a +8 lightning rod (13/13)
   (You found it in the Dungeon)
 o - a +3 rod of clouds (12/12)
   (You found it in the Dungeon)
 D - a +4 rod of ignition (11/11)
   (You found it in the Dungeon)
 W - a +4 rod of ignition (9/9)
   (You took it off a merfolk javelineer in the Dungeon)
Jewellery
 a - the ring "Kiurphak" (right hand) {Ice +Inv rElec rPois Stlth-}
   (You took it off a vault guard in the Dungeon)

   [ring of ice]

   It enhances your ice magic, and weakens your fire magic.
   It makes you vulnerable to fire.
   It protects you from cold.
   It insulates you from electricity.
   It protects you from poison.
   It lets you turn invisible.
   It makes you less stealthy.
 c - the ring of Cicua {SustAt rC+ Str+4 Slay-4}
   (You found it in the Dungeon)

   [ring of sustain attributes]

   It sustains your strength, intelligence and dexterity.
   It affects your strength (+4).
   It affects your accuracy and damage with ranged weapons and melee attacks
   (-4).
   It protects you from cold.
 G - the ring "Kecrab" {*Confuse rPois rC++ Int+4 Stlth-}
   (You found it in the Dungeon)

   [ring of loudness]

   It affects your intelligence (+4).
   It greatly protects you from cold.
   It protects you from poison.
   It may confuse you when you take damage.
   It makes you less stealthy.
 H - the ring of Dim Light (left hand) {rElec rC- MR+ Str+3 Dex+9}
   (You found it in the Dungeon)

   [ring of protection from magic]

   It affects your strength (+3).
   It affects your dexterity (+9).
   It makes you vulnerable to cold.
   It insulates you from electricity.
   It affects your resistance to hostile enchantments.
 N - a +3 amulet of reflection (around neck)
 P - the ring of Qiotaa {rPois rF+++ AC+1 Int-5 Stlth+}
   (You found it in the Dungeon)

   [ring of protection]

   It affects your AC (+1).
   It affects your intelligence (-5).
   It renders you almost immune to fire.
   It protects you from poison.
   It makes you more stealthy.
 U - the ring "Kif Piut" {rElec Int+3 Dex+5}
   (You found it in the Dungeon)

   [ring of dexterity]

   It affects your intelligence (+3).
   It affects your dexterity (+5).
   It insulates you from electricity.
Wands
 I - a wand of disintegration (5/24)
 J - a wand of iceblast (0/15)
 K - a wand of lightning (5/15)
 L - a wand of acid (4/15)
Scrolls
 k - 4 scrolls of blinking
 r - 3 scrolls of recharging
 s - 7 scrolls of fog
 t - a scroll of holy word
 u - 4 scrolls of identify
 v - 5 scrolls of remove curse
 w - 2 scrolls of fear
 T - 4 scrolls of enchant armour
Potions
 d - 5 potions of might
 e - 10 potions of curing
 g - 6 potions of heal wounds
 h - 8 potions of haste
 i - 7 potions of magic
 j - 2 potions of berserk rage
 m - 2 potions of invisibility
 n - 4 potions of resistance
 p - 5 potions of agility
Books
 R - a manual of
Armour
 X - a manual of Fighting
Miscellaneous
 B - a disc of storms
 O - a phial of floods
 Q - 2 phantom mirrors
 S - a lamp of fire
 V - a fan of gales
Comestibles
 f - 5 bread rations
 x - 31 fruits
 z - 4 meat rations


   Skills:
 + Level 19.2 Fighting
 + Level 20.5 Long Blades
 + Level 17.6 Armour
 + Level 24.9 Shields
 * Level 12.4 Invocations
 * Level 7.8 Evocations


You had 13 spell levels left.
You didn't know any spells.

Dungeon Overview and Level Annotations

Branches:
Dungeon (1/1)

Altars:
Ashenzari
Cheibriados
Dithmenos
Elyvilon
Fedhas
Gozag
Hepliaklqana
Kikubaaqudgha
Makhleb
Nemelex Xobeh
Okawaru
Pakellas
Qazlal
Ru
Sif Muna
Trog
Uskayaw
Vehumet
Xom
Yredelemnul
Zin
The Shining One
Beogh
Jiyva
Lugonu


Innate Abilities, Weirdness & Mutations

You reflexively headbutt those who attack you in melee.
You have a pair of large horns on your head.
You have very sharp teeth.
You are surrounded by a mild repulsion field. (EV +2)
Your skin changes colour to match your surroundings (Stealth+).
You evolve.
Your spells are a little easier to cast, but a little less powerful.


Message History

The crystal bolt freezes you! The crystal bolt misses you.
The crystal bolt freezes the crystal guardian.
The crystal guardian completely resists.
The stone giant hits you but does no damage.
The crystal guardian fires a crystalline bolt at you.
The crystal bolt burns the iron golem.
The iron golem completely resists.
The crystal bolt burns you! x2; You block the iron golem's attack.
Unknown command.
You feel much better.
The crystal guardian fires a crystalline bolt at you.
The crystal bolt burns you! x2; The fire burns you terribly!
The crystal bolt burns the crystal guardian.
The crystal guardian completely resists.
You block the stone giant's attack.
The crystal guardian fires a crystalline bolt at you.
The crystal bolt burns the iron golem.
The iron golem completely resists.
The crystal bolt burns you! The fire burns you terribly!
* * * LOW HITPOINT WARNING * * *
The crystal bolt burns you! The fire burns you terribly!
You die...

▓ .........▓.............▓. ▓
........8...(.▓.............▓.
▓
..............▓..▓.......▓..▓.
▓ ...........(E▓.▓▓▓.....▓▓▓.▓.
▓ ▓.......▓8.8▓..▓.......▓..▓.
▓ .
▓▓.....▓▓▓88▓.............▓▓ ▓
...▓.......▓8CD▓.............▓.
▓
............88C▓▓▓▓▓▓▓▓▓▓▓▓▓▓▓.
............88@▓.....8©8.....▓.
▓▓▓▓▓▓▓▓▓▓▓▓▓▓▓▓..=}):):|.:..▓.
▓..:|}:=)..}..▓.
▓.............▓.
▓.............▓.
▓.............▓.
▓.............▓.
▓.............▓.
▓.............▓.


You could see 7 iron golems, an iron dragon, 2 stone giants, 2 crystal guardians
and an earth elemental.

Vanquished Creatures
  A lich (D)
  A quicksilver dragon (D)
  3 shadow dragons (D)
  An iron dragon (D)
  A ghoul (D)
  A reaper (D)
  A very ugly thing (D)
  3 stone giants (D)
  A vampire knight (D)
  A merfolk javelineer (D)
  4 merfolk impalers (D)
  A great orb of eyes (D)
  6 vault guards (D)
  2 satyrs (D)
  A merfolk aquamancer (D)
  An alligator snapping turtle (D)
  7 soul eaters (D)
  A vampire mage (D)
  2 iron golems (D)
  2 skeletal warriors (D)
  A death drake (shapeshifter) (D)
  A sea snake (D)
  A wizard (D)
  A harpy (D)
  A necromancer (D)
  A swamp dragon (shapeshifter) (D)
  A harpy (shapeshifter) (D)
  2 griffons (D)
  An ugly thing (D)
  4 rust devils (D)
  A water nymph (D)
  A gargoyle (D)
  A spiny frog (shapeshifter) (D)
  A yaktaur (D)
  An efreet (D)
  A red devil (D)
  A troll (shapeshifter) (D)
  6 merfolk (D)
  4 wind drakes (D)
  3 slime creatures (D)
  A flying skull (D)
  3 shadows (D)
  A vampire (D)
  A water elemental (D)
  A golden eye (D)
  2 insubstantial wisps (D)
  2 hell hounds (D)
  A giant eyeball (D)
  An eye of draining (D)
  6 necrophages (D)
  A wight (D)
  2 crimson imps (D)
  A jelly (D)
  An iron imp (D)
  3 mummies (D)
  3 shadow imps (D)
  3 white imps (D)
  3 ufetubi (D)
  An ooze (D)
  A spectral adder (D)
  4 adder zombies (D)
  4 adder skeletons (D)
  A spectral bat (D)
  6 bat skeletons (D)
  5 bat zombies (D)
  A ball python skeleton (D)
  3 giant cockroach zombies (D)
  3 giant gecko skeletons (D)
  2 giant gecko zombies (D)
  A jackal zombie (D)
  2 quokka skeletons (D)
  A quokka zombie (D)
  A spectral ball python (D)
  A spectral giant gecko (D)
  A spectral jackal (D)
149 creatures vanquished.

Vanquished Creatures (collateral kills)
  A very ugly thing (D)
  A vault guard (D)
  2 wind drakes (D)
  An air elemental (D)
  A shadow (D)
  A neqoxec (D)
  An insubstantial wisp (D)
  A jelly (D)
  A crimson imp (D)
  A white imp (D)
  A spectral adder (D)
  An adder zombie (D)
  2 spectral bats (D)
  A bat skeleton (D)
  A bat zombie (D)
  A giant cockroach zombie (D)
  A giant gecko skeleton (D)
  2 giant gecko zombies (D)
21 creatures vanquished.

Vanquished Creatures (others)
  A shock serpent (shapeshifter) (D)
  A yaktaur (D)
  A soldier ant (shapeshifter) (D)
3 creatures vanquished.

Grand Total: 173 creatures vanquished

Notes
Turn   | Place    | Note
-------+----------+-------------------------------------------
     0 | D        | Musica the Minotaur Fighter began the quest for the Orb.
     0 | D        | Reached XP level 1. HP: 19/19 MP: 0/0
     0 | D        | Found a shimmering altar of Xom.
     1 | D        | Found a blossoming altar of Fedhas.
     1 | D        | Found a viscous altar of Jiyva.
     1 | D        | Found a snail-covered altar of Cheibriados.
     1 | D        | Found a roughly hewn altar of Beogh.
     1 | D        | Found a corrupted altar of Lugonu.
     1 | D        | Found a white marble altar of Elyvilon.
     3 | D        | Found a deep blue altar of Sif Muna.
     3 | D        | Found a burning altar of Makhleb.
     3 | D        | Found a bloodstained altar of Trog.
     3 | D        | Found an iron altar of Okawaru.
     3 | D        | Found a sparkling altar of Nemelex Xobeh.
     3 | D        | Found a radiant altar of Vehumet.
    85 | D        | Became a worshipper of Makhleb the Destroyer
    87 | D        | Reached skill level 5 in Fighting
    87 | D        | Reached skill level 5 in Armour
    87 | D        | Reached skill level 5 in Shields
    87 | D        | Reached XP level 2. HP: 29/29 MP: 0/4
    98 | D        | Entered arena 1.
   108 | D        | Entered arena 2.
   108 | D        | Noticed a wizard
   108 | D        | Noticed a harpy
   108 | D        | Noticed a great orb of eyes
   114 | D        | Killed a harpy
   114 | D        | Reached * piety under Makhleb
   114 | D        | Reached skill level 5 in Long Blades
   114 | D        | Reached skill level 9 in Shields
   114 | D        | Reached XP level 3. HP: 29/42 MP: 2/7
   114 | D        | Reached XP level 4. HP: 35/50 MP: 2/8
   114 | D        | Reached XP level 5. HP: 40/57 MP: 2/9
   114 | D        | Reached XP level 6. HP: 44/63 MP: 2/10
   117 | D        | Killed a wizard
   117 | D        | Reached skill level 10 in Fighting
   117 | D        | Reached skill level 10 in Armour
   117 | D        | Reached skill level 10 in Shields
   117 | D        | Reached XP level 7. HP: 52/73 MP: 2/12
   126 | D        | Killed a great orb of eyes
   126 | D        | Reached ** piety under Makhleb
   126 | D        | Reached skill level 11 in Shields
   126 | D        | Reached XP level 8. HP: 60/83 MP: 2/13
   329 | D        | Entered arena 3.
   329 | D        | Noticed a rust devil
   334 | D        | Killed a rust devil
   334 | D        | Reached *** piety under Makhleb
   334 | D        | Reached skill level 12 in Shields
   334 | D        | Reached XP level 9. HP: 90/90 MP: 13/15
   350 | D        | Entered arena 4.
   350 | D        | Noticed a merfolk
   350 | D        | Noticed a merfolk
   350 | D        | Noticed a merfolk
   350 | D        | Noticed a merfolk
   357 | D        | Killed a merfolk
   360 | D        | Killed a merfolk
   360 | D        | Reached **** piety under Makhleb
   365 | D        | Killed a merfolk
   368 | D        | Killed a merfolk
   368 | D        | Reached skill level 13 in Shields
   387 | D        | Entered arena 5.
   391 | D        | Reached ***** piety under Makhleb
   407 | D        | Entered arena 6.
   442 | D        | Entered arena 7.
   450 | D        | Reached ****** piety under Makhleb
   466 | D        | Entered arena 8.
   466 | D        | Noticed a wind drake
   466 | D        | Noticed a wind drake
   466 | D        | Noticed a wind drake
   471 | D        | Killed a wind drake
   478 | D        | Killed a wind drake
   478 | D        | Reached skill level 14 in Shields
   483 | D        | Killed a wind drake
   484 | D        | Reached XP level 10. HP: 65/101 MP: 16/16
   490 | D        | Reached skill level 10 in Long Blades
   502 | D        | Got the ring "Kif Piut" {rElec Int+3 Dex+5}
   523 | D        | Entered arena 9.
   546 | D        | Got the ring of Cicua {SustAt rC+ Str+4 Slay-4}
   556 | D        | Entered arena 10.
   559 | D        | Reached skill level 15 in Shields
   563 | D        | Paralysed by a giant eyeball for 4 turns
   570 | D        | Paralysed by a giant eyeball for 3 turns
   685 | D        | Entered arena 11.
   694 | D        | Reached skill level 16 in Shields
   716 | D        | Got the +1 pair of gloves "Tel Xail" {rElec Dex+6}
   723 | D        | Got the ring of Qiotaa {rPois rF+++ AC+1 Int-5 Stlth+}
   733 | D        | Entered arena 12.
   733 | D        | Noticed a wolf spider
   733 | D        | Noticed a harpy
   733 | D        | Noticed a white ugly thing
   733 | D        | Noticed a purple very ugly thing
   733 | D        | Noticed a glowing shapeshifter
   733 | D        | a wolf spider changed into a glowing shapeshifter
   734 | D        | Noticed a brown very ugly thing
   734 | D        | Noticed a death drake
   734 | D        | a glowing shapeshifter changed into a death drake
   735 | D        | Noticed a swamp dragon
   735 | D        | a death drake changed into a swamp dragon
   736 | D        | Noticed a fire dragon
   736 | D        | Noticed a torpor snail
   736 | D        | a swamp dragon changed into a torpor snail
   737 | D        | Noticed a giant orange brain
   737 | D        | Noticed an ice dragon
   737 | D        | a fire dragon changed into an ice dragon
   738 | D        | Noticed a death drake
   739 | D        | a death drake changed into a jumping spider
   739 | D        | Noticed a guardian serpent
   739 | D        | an eye of draining changed into a guardian serpent
   739 | D        | Noticed a manticore
   739 | D        | a torpor snail changed into a manticore
   741 | D        | a manticore changed into a wind drake
   742 | D        | Killed a harpy
   742 | D        | Noticed an elephant
   742 | D        | a giant orange brain changed into an elephant
   744 | D        | a guardian serpent changed into a spriggan
   744 | D        | Killed a cyan very ugly thing
   744 | D        | Reached skill level 17 in Shields
   745 | D        | Noticed a hell hog
   745 | D        | an ice dragon changed into a hell hog
   745 | D        | Noticed a ghost crab
   745 | D        | an elephant changed into a ghost crab
   745 | D        | Noticed a moth of wrath
   745 | D        | a wind drake changed into a moth of wrath
   748 | D        | Noticed an anaconda
   748 | D        | a hell hog changed into an anaconda
   749 | D        | Killed a purple ugly thing
   750 | D        | Noticed a great orb of eyes
   750 | D        | an anaconda changed into a great orb of eyes
   750 | D        | a moth of wrath changed into a boulder beetle
   751 | D        | Noticed a death drake
   751 | D        | a boulder beetle changed into a death drake
   753 | D        | a ghost crab changed into a snapping turtle
   754 | D        | Noticed a shock serpent
   754 | D        | a snapping turtle changed into a shock serpent
   755 | D        | Noticed a deep troll
   755 | D        | a death drake changed into a deep troll
   756 | D        | Killed a shock serpent
   759 | D        | Noticed a wolf spider
   759 | D        | a great orb of eyes changed into a wolf spider
   759 | D        | Noticed a swamp dragon
   759 | D        | a deep troll changed into a swamp dragon
   759 | D        | Killed a purple very ugly thing
   759 | D        | Reached XP level 11. HP: 106/111 MP: 1/17
   760 | D        | a wolf spider changed into a faun
   764 | D        | Noticed a deep troll
   764 | D        | a faun changed into a deep troll
   764 | D        | Noticed an orb spider
   764 | D        | a troll changed into an orb spider
   767 | D        | Reached skill level 18 in Shields
   768 | D        | Killed a swamp dragon
   768 | D        | a deep troll changed into a snapping turtle
   770 | D        | Noticed a death drake
   770 | D        | a snapping turtle changed into a death drake
   774 | D        | Killed a death drake
   774 | D        | Reached skill level 15 in Fighting
   776 | D        | an orb spider changed into a wind drake
   779 | D        | Noticed a harpy
   779 | D        | a wind drake changed into a harpy
   782 | D        | a harpy changed into a spiny frog
   794 | D        | Gained mutation: Your spells are a little easier to cast, but a little less powerful. [mutagenic meat]
   801 | D        | Gained mutation: You evolve. [mutagenic meat]
   804 | D        | Gained mutation: You are surrounded by a mild repulsion field. (EV +2) [mutagenic meat]
   807 | D        | Gained mutation: You have very sharp teeth. [mutagenic meat]
   810 | D        | Gained mutation: Your skin changes colour to match your surroundings (Stealth+). [mutagenic meat]
   813 | D        | Gained mutation: You have a pair of large horns on your head. [mutagenic meat]
  1071 | D        | Entered arena 13.
  1074 | D        | Noticed a shadow dragon
  1074 | D        | Noticed a stone giant
  1074 | D        | Noticed a lich
  1074 | D        | Noticed a vault guard
  1075 | D        | Noticed a vault guard
  1075 | D        | Noticed a vault guard
  1077 | D        | Noticed a vault guard
  1084 | D        | Killed a lich
  1084 | D        | Reached skill level 19 in Shields
  1087 | D        | Noticed a vault guard
  1092 | D        | Killed a vault guard
  1103 | D        | Killed a shadow dragon
  1103 | D        | Reached skill level 15 in Long Blades
  1104 | D        | Noticed a vault guard
  1106 | D        | Killed a vault guard
  1106 | D        | Reached skill level 20 in Shields
  1108 | D        | Noticed a vault guard
  1112 | D        | Killed a vault guard
  1112 | D        | Reached XP level 12. HP: 122/122 MP: 18/18
  1123 | D        | Killed a vault guard
  1123 | D        | Reached skill level 15 in Armour
  1126 | D        | Killed a vault guard
  1143 | D        | Killed a vault guard
  1148 | D        | Killed a stone giant
  1157 | D        | Killed a vault guard
  1169 | D        | Got the ring "Kiurphak" {Ice +Inv rElec rPois Stlth-}
  1203 | D        | Entered arena 14.
  1204 | D        | Noticed a reaper
  1221 | D        | Reached skill level 21 in Shields
  1256 | D        | Killed a reaper
  1296 | D        | Identified a +0 pair of boots of running (You found it in the Dungeon)
  1357 | D        | Entered arena 15.
  1363 | D        | Noticed a shadow dragon
  1363 | D        | Noticed a shadow dragon
  1388 | D        | Killed a shadow dragon
  1397 | D        | Killed a shadow dragon
  1397 | D        | Reached skill level 22 in Shields
  1420 | D        | Reached XP level 13. HP: 76/134 MP: 19/19
  1446 | D        | Got the ring of Dim Light {rElec rC- MR+ Str+3 Dex+9}
  1600 | D        | Entered arena 16.
  1662 | D        | Got the ring "Kecrab" {*Confuse rPois rC++ Int+4 Stlth-}
  1688 | D        | Entered arena 17.
  1697 | D        | Noticed a vampire knight
  1702 | D        | Noticed a ghoul
  1714 | D        | Reached skill level 1 in Evocations
  1726 | D        | Killed a vampire knight
  1726 | D        | Reached skill level 23 in Shields
  1726 | D        | Reached skill level 10 in Invocations
  1730 | D        | Killed a ghoul
  1813 | D        | Entered arena 18.
  1823 | D        | Noticed a merfolk javelineer
  1823 | D        | Noticed a merfolk impaler
  1825 | D        | Noticed a merfolk impaler
  1827 | D        | Noticed a merfolk impaler
  1843 | D        | Killed a merfolk javelineer
  1843 | D        | Killed a merfolk impaler
  1843 | D        | Killed a merfolk impaler
  1843 | D        | Reached skill level 5 in Evocations
  1845 | D        | Noticed a merfolk impaler
  1871 | D        | Reached skill level 24 in Shields
  1874 | D        | Killed a merfolk impaler
  1880 | D        | Killed a merfolk impaler
  1893 | D        | Got the cursed ring of the Median {*Drain rPois rN+ MR+ Int-2 SInv}
  1941 | D        | Entered arena 19.
  1954 | D        | Noticed a stone giant
  1954 | D        | Noticed an iron dragon
  1956 | D        | Noticed a quicksilver dragon
  1956 | D        | Noticed a crystal guardian
  1956 | D        | Noticed a stone giant
  1956 | D        | Noticed a quicksilver dragon
  1957 | D        | Noticed a stone giant
  1957 | D        | Noticed a crystal guardian
  1957 | D        | Killed a stone giant
  1958 | D        | Noticed a stone giant
  1962 | D        | Noticed an iron dragon
  1973 | D        | Killed a quicksilver dragon
  1976 | D        | Killed an iron dragon
  1976 | D        | Reached XP level 14. HP: 100/146 MP: 20/22
  1982 | D        | Killed a stone giant
  1992 | D        | Killed from afar by a crystal guardian

Vault maps used:
D:        sprint_v

Skill      XL: |  1  2  3  4  5  6  7  8  9 10 11 12 13 |
---------------+----------------------------------------+-----
Fighting       | 5 9 10 11 12 13 14 16 17 19 | 19.2
Long Blades    | 4 5 6 7 9 12 15 18 20 | 20.5
Armour         | 5 9 10 11 12 13 14 16 17 | 17.6
Shields        | 5 9 10 11 12 14 17 20 22 24 | 24.9
Invocations    | 4 7 8 9 12 | 12.4
Evocations     | 7 |  7.8

Action                   |  1- 3 |  4- 6 |  7- 9 | 10-12 | 13-15 || total
-------------------------+-------+-------+-------+-------+-------++-------
Melee: Double sword      |     5 |     2 |    74 |   262 |   151 ||   494
       Headbutt          |       |       |    21 |   109 |    64 ||   194
       Bite              |       |       |       |    39 |    34 ||    73
Invok: Lesser Servant of |       |       |     1 |       |     4 ||     5
       Greater Servant o |       |       |       |       |     1 ||     1
Evoke: Wand              |     2 |       |     4 |     1 |     1 ||     8
       Sack of spiders   |       |       |       |     2 |     2 ||     4
       Lamp of fire      |       |       |       |     1 |     3 ||     4
       Box of beasts     |       |       |       |     1 |     2 ||     3
       Phial of floods   |       |       |       |     1 |     2 ||     3
       Fan of gales      |       |       |       |     1 |       ||     1
       Rod               |       |       |       |       |     1 ||     1
  Use: Potion            |     1 |       |       |     3 |     3 ||     7
       Scroll            |       |       |       |     3 |       ||     3
 Stab: Distracted        |       |       |       |     1 |     2 ||     3
  Eat: Fruit             |       |       |       |    11 |       ||    11
       Chunk             |       |       |       |     6 |       ||     6
Armor: Plate armour      |     7 |     2 |    46 |   127 |    71 ||   253
Dodge: Dodged            |     3 |       |    15 |    53 |    33 ||   104
Block: Shield            |     6 |       |    90 |   305 |   181 ||   582
       Reflection        |       |       |       |     4 |     9 ||    13
